 Dungeon Crawl Stone Soup version 0.28.0-43-g3370ac3207 (webtiles) character file.

Game seed: 2524631980019414045

144 Ablot the Grasshopper (level 5, -1/43 HPs)
             Began as a Gnoll Warper on Mar 18, 2022.
             Slain by Duvessa
             ... wielding a +0 short sword
              (6 damage)
             ... on level 4 of the Dungeon.
             The game lasted 00:09:17 (3894 turns).

Ablot the Grasshopper (Gnoll Warper)                Turns: 3894, Time: 00:09:18

Health: -1/43      AC:  4    Str: 13    XL:     5   Next: 27%
Magic:  1/12       EV: 12    Int: 12    God:
Gold:   58         SH:  0    Dex: 11    Spells: 11/14 levels left

rFire   . . .      SeeInvis .   a - +0 trident
rCold   . . .      Faith    .   (no shield)
rNeg    . . .      Spirit   .   b - +0 leather armour
rPois   .          Reflect  .   (no helmet)
rElec   .          Harm     .   (no cloak)
rCorr   .          Rampage  .   t - +0 pair of gloves
Will    .....                   (no boots)
Stlth   +.........              (no amulet)
HPRegen 0.14/turn               (no ring)
MPRegen 0.13/turn               (no ring)

@: no status effects
A: fangs 1, strong nose, distributed training
a: no special abilities


You were on level 4 of the Dungeon.
You visited 1 branch of the dungeon, and saw 4 of its levels.

You collected 219 gold pieces.
You spent 161 gold pieces at shops.

Inventory:

Hand Weapons
 a - a +0 trident (weapon)
 o - a +2 dagger of holy wrath
Missiles
 d - 5 boomerangs of dispersal
 g - 56 stones (quivered)
 k - 43 bolts
Armour
 b - a +0 leather armour (worn)
 t - a +0 pair of gloves (worn)
Scrolls
 c - a scroll of blinking
 e - 2 scrolls of teleportation {unknown}
 f - 5 scrolls of identify {unknown}
 j - a scroll of holy word {unknown}
 l - a scroll of silence {unknown}
 p - a scroll of torment {unknown}
 w - a scroll of immolation {unknown}
Potions
 h - 4 potions of heal wounds
 i - a potion of attraction {unknown}
 m - a potion of degeneration
 n - 2 potions of curing
 q - a potion of cancellation {unknown}
 r - a potion of lignification {unknown}
 s - a potion of haste {unknown}
 u - a potion of mutation {unknown}
 v - 2 potions of invisibility {unknown}
 x - a potion of might


   Skills:
 + Level 4.7 Fighting
 + Level 1.4 Short Blades
 + Level 1.4 Long Blades
 + Level 1.4 Axes
 + Level 1.4 Maces & Flails
 + Level 4.7 Polearms
 + Level 1.4 Staves
 + Level 1.4 Slings
 + Level 1.4 Bows
 + Level 1.4 Crossbows
 + Level 2.9 Throwing
 + Level 2.9 Armour
 + Level 4.7 Dodging
 + Level 1.4 Stealth
 + Level 1.4 Shields
 + Level 1.4 Unarmed Combat
 + Level 5.2 Spellcasting
 + Level 1.1 Conjurations
 + Level 1.1 Hexes
 + Level 1.1 Summonings
 + Level 1.1 Necromancy
 + Level 5.5 Translocations
 + Level 1.1 Transmutations
 + Level 1.1 Fire Magic
 + Level 1.1 Ice Magic
 + Level 1.1 Air Magic
 + Level 1.1 Earth Magic
 + Level 1.1 Poison Magic
 + Level 1.6 Invocations
 + Level 1.4 Evocations


You had 11 spell levels left.
You knew the following spells:

 Your Spells              Type           Power      Damage    Failure   Level
a - Blink                 Tloc           32%        N/A       3%          2
b - Sting                 Tmut/Pois      20%        1d4       16%         1

Your spell library contained the following spells:

 Spells                   Type           Power      Damage    Failure   Level
 Apportation              Tloc           32%        N/A       2%          1
 Gell's Gravitas          Tloc           16%        N/A       8%          3
 Lesser Beckoning         Tloc           16%        N/A       8%          3
 Teleport Other           Tloc           16%        N/A       8%          3
 Corpse Rot               Necr/Air       10%        N/A       24%         2
 Poisonous Vapours        Pois/Air       10%        N/A       24%         2
 Manifold Assault         Tloc           16%        N/A       56%         5
 Olgreb's Toxic Radiance  Pois           5%         N/A       83%         4
 Alistair's Intoxication  Tmut/Pois      3%         N/A       99%         5
 Fireball                 Conj/Fire      2%         3d4       99%         5
 Starburst                Conj/Fire      2%         6d3       100%        6
 Ignition                 Fire           2%         3d3       100%        8


Dungeon Overview and Level Annotations

Branches:
Dungeon (4/15)
 Temple: D:4-7

Altars:

Shops:
D:1 ==!!(

Annotations:
D:2 1 runed translucent door, exclusion: door, Crazy Yiuf
D:4 Dowan, Duvessa, Eustachio


Innate Abilities, Weirdness & Mutations

You have very sharp teeth.
Your uncanny sense of smell can sniff out nearby items.
Your experience applies equally to all skills.


Message History

Casting: Sting (safe; 16% risk of failure)
Confirm with . or Enter, or press ? or * to list all spells.
Okay, then.
Casting: Sting (safe; 16% risk of failure)
Confirm with . or Enter, or press ? or * to list all spells.
Aiming: Sting (safe; 16% risk of failure)
Press: ? - help, Shift-Dir - straight line, f/p - Duvessa
Aim: Duvessa, wielding a +0 short sword and wearing a +1 scale mail of positive energy (heavily wounded, fast, very poisoned, 77% to hit)
The sting hits Duvessa but does no damage.
Duvessa looks as sick as possible!
Duvessa is heavily wounded.
Duvessa misses you.
Casting: Sting (safe; 16% risk of failure)
Confirm with . or Enter, or press ? or * to list all spells.
You are still too unstable to blink.
Duvessa closely misses you.
You feel stable enough to blink again.
Duvessa says, "My weaknesses are his strengths!"
Casting: Blink (safe; 3% risk of failure)
Confirm with . or Enter, or press ? or * to list all spells.
You blink.
Dowan casts a spell.
Dowan blinks!
Dowan mumbles some strange words.
Dowan blinks!
Unknown command.
You feel stable enough to blink again. Duvessa hits you with a +0 short sword.
* * * LOW HITPOINT WARNING * * *
Dowan mumbles some strange words.
Dowan blinks!
Duvessa completely misses you.
You hit Duvessa.
Duvessa is almost dead.
You closely miss Duvessa.
Duvessa is almost dead.
Duvessa hits you with a +0 short sword.
* * * LOW HITPOINT WARNING * * *
Duvessa hits you with a +0 short sword.
You die...

#...########## #.#
#............# #.# ##
#...........# #.# .#
#...........# #.##.#####
#..........(####.........
####.......<...#.....###
#........##.#......#
#....e.............#
#....@..e......###....
#.####+##........# ... #.
#....#####(...
#....'.!.(....
#....######.. #....#
######


You could see Duvessa (fast, very poisoned) and Dowan.

Vanquished Creatures
  An adder (D:2)
  4 gnolls (D:3)
  A worm (D:2)
  3 dart slugs
  An orc (D:3)
  7 bats
  5 endoplasms
  2 giant cockroaches (D:1)
  6 goblins
  12 hobgoblins
  4 jackals
  9 kobolds
  5 quokkas
  7 ball pythons
  5 frilled lizards
  7 rats
79 creatures vanquished.

Notes
Turn   | Place    | Note
-------+----------+-------------------------------------------
     0 | D:1      | Ablot the Gnoll Warper began the quest for the Orb.
     0 | D:1      | Reached XP level 1. HP: 20/20 MP: 6/6
    41 | D:1      | Found Paaq's Distillery.
   273 | D:1      | Reached XP level 2. HP: 22/26 MP: 7/7
   292 | D:1      | Learned a level 2 spell: Blink
   535 | D:1      | Reached XP level 3. HP: 23/31 MP: 9/9
   643 | D:1      | Found Itethiah's Antique Weapon Emporium.
   653 | D:1      | Reached skill level 5 in Spellcasting
   758 | D:1      | Found Ifuxkokah's Distillery.
   784 | D:1      | Bought a potion of degeneration for 12 gold pieces
   784 | D:1      | Bought a potion of curing for 36 gold pieces
   853 | D:1      | Found Piezimm's Jewellery Boutique.
   869 | D:1      | Found Wextudiy's Jewellery Boutique.
   878 | D:1      | Reached skill level 1 in Invocations
  1215 | D:2      | Reached skill level 1 in Short Blades
  1215 | D:2      | Reached skill level 1 in Long Blades
  1215 | D:2      | Reached skill level 1 in Axes
  1215 | D:2      | Reached skill level 1 in Maces & Flails
  1215 | D:2      | Reached skill level 1 in Staves
  1215 | D:2      | Reached skill level 1 in Slings
  1215 | D:2      | Reached skill level 1 in Bows
  1215 | D:2      | Reached skill level 1 in Crossbows
  1215 | D:2      | Reached skill level 1 in Stealth
  1215 | D:2      | Reached skill level 1 in Shields
  1215 | D:2      | Reached skill level 1 in Unarmed Combat
  1215 | D:2      | Reached skill level 1 in Evocations
  1325 | D:2      | You fall into a shaft and drop 2 floors!
  1402 | D:3      | Reached XP level 4. HP: 36/38 MP: 11/11
  1751 | D:2      | Learned a level 1 spell: Sting
  2170 | D:2      | Found a faded altar of an unknown god.
  2252 | D:2      | Reached skill level 1 in Conjurations
  2252 | D:2      | Reached skill level 1 in Hexes
  2252 | D:2      | Reached skill level 1 in Summonings
  2252 | D:2      | Reached skill level 1 in Necromancy
  2252 | D:2      | Reached skill level 1 in Transmutations
  2252 | D:2      | Reached skill level 1 in Fire Magic
  2252 | D:2      | Reached skill level 1 in Ice Magic
  2252 | D:2      | Reached skill level 1 in Air Magic
  2252 | D:2      | Reached skill level 1 in Earth Magic
  2252 | D:2      | Reached skill level 1 in Poison Magic
  2351 | D:2      | Found a runed translucent door.
  2352 | D:2      | Noticed Crazy Yiuf
  2773 | D:3      | Reached XP level 5. HP: 33/43 MP: 7/12
  3720 | D:1      | Bought a potion of might for 48 gold pieces
  3789 | D:1      | Bought a potion of heal wounds for 65 gold pieces
  3859 | D:4      | Noticed Dowan
  3860 | D:4      | Noticed Duvessa
  3875 | D:4      | Noticed Eustachio
  3894 | D:4      | Slain by Duvessa

Illustrated notes

Levels and vault maps discovered:
D:1:      eino_arrival_water_star, layout_rooms, serial_shops, shop_fountains,
          shop, nicolae_shop_stone, nicolae_shop_stone, shop, minmay_vboxes
D:2:      minmay_spotlight, layout_loops_ring,
          ebering_ecumenical_altar_abandoned, uniq_crazy_yiuf_cottage
D:3:      layout_rooms
D:4:      layout_basic, mainiacjoe_overflow_large_starburst, trog_hazing_becter,
          uniq_duvessa, uniq_eustachio

Skill      XL: |  1  2  3  4 |
---------------+-------------+-----
Spellcasting   | 5 |  5.2
Invocations    | 1 |  1.6
Short Blades   | 1 |  1.4
Long Blades    | 1 |  1.4
Axes           | 1 |  1.4
Maces & Flails | 1 |  1.4
Staves         | 1 |  1.4
Slings         | 1 |  1.4
Bows           | 1 |  1.4
Crossbows      | 1 |  1.4
Stealth        | 1 |  1.4
Shields        | 1 |  1.4
Unarmed Combat | 1 |  1.4
Evocations     | 1 |  1.4
Conjurations   | 1 |  1.1
Hexes          | 1 |  1.1
Summonings     | 1 |  1.1
Necromancy     | 1 |  1.1
Transmutations | 1 |  1.1
Fire Magic     | 1 |  1.1
Ice Magic      | 1 |  1.1
Air Magic      | 1 |  1.1
Earth Magic    | 1 |  1.1
Poison Magic   | 1 |  1.1
Fighting       | |  4.7
Polearms       | |  4.7
Throwing       | |  2.9
Armour         | |  2.9
Dodging        | |  4.7
Translocations | |  5.5

Action                   |  1- 3 |  4- 6 || total
-------------------------+-------+-------++-------
Melee: Spear             |   142 |   121 ||   263
       Bite              |    10 |    11 ||    21
       Punch             |     3 |     3 ||     6
       Trident           |       |     4 ||     4
Throw: Stone             |       |     7 ||     7
 Cast: Sting             |       |    15 ||    15
       Blink             |       |     6 ||     6
 Stab: Sleeping          |     1 |     2 ||     3
       Distracted        |     1 |       ||     1
Armor: Leather armour    |    23 |    36 ||    59
Dodge: Dodged            |    47 |    74 ||   121
